 Dungeon Crawl Stone Soup version 0.32-a0-818-gb728d0252e (webtiles) character file.

Game seed: 18122875837743437885

840 sleeves the Magician (level 8, -3/54 HPs)
             Began as a Djinni Brigand on Mar 24, 2024.
             Slain by an acid dragon (10 damage)
             ... on level 4 of the Dungeon.
             The game lasted 00:07:31 (4637 turns).

sleeves the Magician (Djinni Brigand)               Turns: 4637, Time: 00:07:32

Health: -3/54      AC: 11    Str: 10    XL:     8   Next: 19%
Gold:   292        EV:  7    Int: 15    God:
                   SH:  0    Dex: 17

rFire   + + .        m - +3 short sword of the Dungeon {flame, rElec Dex+2 SInv}
rCold   . . .        (no shield)
rNeg    . . .        g - +4 scale mail {rC+}
rPois   ∞            (no helmet)
rElec   +            c - +0 cloak
rCorr   .            (no gloves)
SInv    +            (boots unavailable)
Will    .....        t - amulet of faith
Stlth   +            (no ring)
HPRegen 0.29/turn    (no ring)
MPRegen 0.00/turn

%: faith, infuse magic (-4 HP)
@: flying
A: sickness immunity, fire resistance 2, cold vulnerability 1, float, innate
caster, HP casting, extra vitality 1
a: no special abilities


You were on level 4 of the Dungeon.
You visited 1 branch of the dungeon, and saw 5 of its levels.

You collected 292 gold pieces.

Inventory:

Hand Weapons
 m - the +3 short sword of the Dungeon (weapon) {flame, rElec Dex+2 SInv}
   (You found it on level 3 of the Dungeon)

   Dex+2:     It affects your dexterity (+2).
   rElec:     It insulates you from electricity.
   SInv:      It lets you see invisible.
Missiles
 d - 4 poisoned darts
 e - 2 curare-tipped darts (quivered)
Armour
 b - a +0 robe
 c - a +0 cloak (worn)
 g - a +4 scale mail of cold resistance (worn)
   (You found it on level 1 of the Dungeon)
 n - a +1 scale mail of willpower
   (You found it on level 3 of the Dungeon)
 p - an orb of guile
   (You found it on level 4 of the Dungeon)
Jewellery
 t - an amulet of faith (around neck)
   (You found it on level 5 of the Dungeon)
Wands
 o - a wand of iceblast (8)
   (You found it on level 3 of the Dungeon)
 q - a wand of mindburst (3)
   (You took it off a hobgoblin on level 4 of the Dungeon)
Scrolls
 f - 2 scrolls of teleportation {unknown}
 h - 4 scrolls of immolation {unknown}
 i - 2 scrolls of identify {unknown}
 s - a scroll of fear {unknown}
Potions
 a - a potion of might {unknown}
 k - 3 potions of heal wounds {unknown}
 l - 2 potions of mutation {unknown}
 r - a potion of attraction {unknown}


   Skills:
 - Level 2.0 Fighting
 - Level 1.7 Short Blades
 - Level 1.5 Throwing
 - Level 1.1 Dodging
 - Level 3.2 Stealth
 + Level 6.6 Spellcasting
 + Level 6.6 Conjurations
 + Level 6.6 Hexes
   Level 0.0 Charms
 + Level 6.6 Summonings
 + Level 6.6 Necromancy
 + Level 6.6 Translocations
   Level 0.0 Transmutations
 + Level 6.6 Fire Magic
 + Level 6.6 Ice Magic
 + Level 6.6 Air Magic
 + Level 6.6 Earth Magic
 + Level 6.6 Alchemy


You knew the following spells:

 Your Spells              Type           Power      Damage    Failure   Level
a - Kiss of Death         Conj/Necr      100%       2d13      6%          1
b - Scorch                Fire           50%        2d7       10%         2
c - Swiftness             Air            25%        N/A       19%         3
Your spell library was empty.

Dungeon Overview and Level Annotations

Branches:
Dungeon (5/15)
 Temple: D:4-7

Altars:

Annotations:
D:5 Pikel


Innate Abilities, Weirdness & Mutations

You are immune to sickness and miasma.
You are immune to poison.
Your flesh is very heat resistant. (rF++)
You are vulnerable to cold. (rC-)
You float through the air rather than walking.
You learn spells naturally, not from books.
Your magical power is your life essence.
You have superior vitality. (+4 MHP)


Message History

You are too injured to fight recklessly!
You are too injured to fight recklessly!
You are too injured to fight recklessly!
Casting: Kiss of Death (safe; 24% risk of failure)
Confirm with . or Enter, or press ? or * to list all spells.
Aiming: Kiss of Death (safe; 24% risk of failure)
Press: ? - help, Shift-Dir - straight line, f - black bear
Aim: a black bear (almost dead, berserk, 100% to hit)
The fragment of death hits the black bear!
The black bear is drained!
You kill the black bear!
You feel drained.
An endoplasm is nearby!
An endoplasm is nearby!
An endoplasm is nearby!
An endoplasm is nearby!
You are too injured to fight recklessly!
The endoplasm quivers.
You hit the endoplasm. You burn the endoplasm.
The endoplasm is heavily wounded.
The endoplasm freezes you.
You are frozen.
* * * LOW HITPOINT WARNING * * *
You hit the endoplasm but do no damage.
The endoplasm is heavily wounded.
The endoplasm freezes you.
You are frozen.
* * * LOW HITPOINT WARNING * * *
You hit the endoplasm. You burn the endoplasm.
You kill the endoplasm!
You swing at nothing.
You swing at nothing.
HP restored.
You see here a +0 flail.
There is an open door here.
A hobgoblin comes into view. It is carrying a wand of mindburst.
The hobgoblin shouts!
The hobgoblin zaps a wand.
Your mind is blasted!
A hobgoblin is nearby!
A hobgoblin is nearby!
The hobgoblin zaps a wand.
Your mind is blasted!
Found a dagger.
The hobgoblin zaps a wand.
Your mind is blasted!
* * * LOW HITPOINT WARNING * * *
You are too injured to fight recklessly!
You are too injured to fight recklessly!
You are too injured to fight recklessly!
You are too injured to fight recklessly!
You barely miss the hobgoblin. You hit the hobgoblin. You burn the hobgoblin.
You kill the hobgoblin!
q - a wand of mindburst (6)
You now have 266 gold pieces (gained 10).
You see here a book of Necromancy.
There is an open door here.
You see here an adder skeleton.
Found a stone staircase leading down.
A goblin comes into view. It is wielding a +0 club.
The goblin shouts!
A goblin is nearby!
A goblin is nearby!
The goblin hits you with a +0 club.
You hit the goblin. You burn the goblin.
You kill the goblin!
No target in view!
No target in view!
No target in view!
No target in view!
No target in view!
No target in view!
No target in view!
You see here a +0 hand axe.
r - a black potion An endoplasm comes into view.
An endoplasm is nearby!
The endoplasm quivers.
The endoplasm hits you but does no damage.
You hit the endoplasm. You burn the endoplasm.
The endoplasm is heavily wounded.
The endoplasm hits you but does no damage.
You hit the endoplasm. You burn the endoplasm.
You kill the endoplasm!
No target in view!
No target in view!
No target in view!
No target in view!
No target in view!
An orc comes into view. It is wielding a +0 dagger.
An orc is nearby!
An orc is nearby!
The orc closely misses you.
You closely miss the orc. The orc hits you with a +0 dagger.
You puncture the orc! You burn the orc.
You kill the orc!
No target in view!
No target in view!
No target in view!
No target in view!
No target in view!
No target in view!
No target in view!
No target in view!
i - 2 scrolls labelled DETOM UCIGO (gained 1)
A quokka comes into view.
Found a robe.
A quokka is nearby!
A quokka is nearby!
The quokka bites you. The quokka barely misses you.
You completely miss the quokka. The quokka barely misses you.
You hit the quokka. You burn the quokka.
You kill the quokka!
No target in view!
No target in view!
No target in view!
No target in view!
No target in view!
No target in view!
No target in view!
Found a robe.
There is a stone staircase leading up here.
Found a shimmering blue altar of Sif Muna.
You see here a +0 hand axe.
There is a stone staircase leading down here.
Things that are here:
a +0 dagger; a +0 chain mail; an orc corpse An endoplasm comes into view.
The endoplasm quivers.
An endoplasm is nearby!
An endoplasm is nearby!
An endoplasm is nearby!
An orc comes into view.
It is wielding a +0 hand axe of electrocution.
The orc shouts!
The orc hits you but does no damage. The endoplasm completely misses you.
You hit the orc. You burn the orc.
You kill the orc!
The endoplasm hits you but does no damage.
You hit the endoplasm. You burn the endoplasm.
The endoplasm is severely wounded.
The endoplasm freezes you.
You are frozen.
You hit the endoplasm. You burn the endoplasm.
You kill the endoplasm!
No target in view!
You see here a +0 hand axe of electrocution.
k - 3 sedimented puce potions (gained 2)
s - a scroll labelled CAUPEQ ENARU Done exploring.
Done exploring.
You start removing your armour.
You continue removing your orb of guile. x4
You finish removing your orb of guile.
Done exploring.
Done exploring.
Done exploring.
Done exploring.
An orc wizard comes into view. It is wielding a +0 dagger.
An orc wizard is nearby!
An orc wizard is nearby!
The orc wizard shouts!
The orc wizard gestures wildly while chanting.
The orc wizard flickers and vanishes for a moment.
You hit the orc wizard. You burn the orc wizard.
The orc wizard is moderately wounded.
You hit the orc wizard but do no damage.
The orc wizard is moderately wounded.
The orc wizard points at you and mumbles some strange words.
The magic dart hits you but does no damage.
You hit the orc wizard. You burn the orc wizard.
The orc wizard is severely wounded.
The orc wizard barely misses you.
You hit the orc wizard. You burn the orc wizard.
You kill the orc wizard!
Your life force feels restored.
No target in view!
No target in view!
No target in view!
No target in view!
No target in view!
No target in view!
No target in view!
No target in view!
No target in view!
No target in view!
No target in view!
You now have 283 gold pieces (gained 17).
Things that are here:
a +0 dagger; a +0 robe Done exploring.
Done exploring.
Done exploring.
Done exploring.
An orc comes into view. It is wielding a +0 dagger.
The orc shouts!
There is a stone staircase leading down here.
An orc is nearby!
An orc is nearby!
An orc is nearby!
An orc wizard comes into view. It is wielding a +0 dagger.
The orc hits you but does no damage.
The orc wizard shouts!
You hit the orc. You burn the orc.
You kill the orc!
The orc wizard hits you but does no damage.
You hit the orc wizard. You burn the orc wizard.
The orc wizard is lightly wounded.
The orc wizard points at you and mumbles some strange words.
You are confused.
You are too confused!
You are too confused!
You are too confused!
You are too confused!
You are too confused!
You are too confused!
You are too confused!
You are too confused!
You are too confused!
You are too confused!
You are too confused!
You are too confused!
You are too confused!
The orc wizard casts a spell at you.
You are more confused.
There is a stone staircase leading down here.
You're too confused to move!
You barely miss the orc wizard.
The orc wizard is lightly wounded.
The orc wizard hits you but does no damage.
You bump into the rock wall.
The orc wizard hits you with a +0 dagger.
You barely miss the orc wizard.
The orc wizard is lightly wounded.
The orc wizard barely misses you.
The orc wizard attacks as it pursues you!
The orc wizard hits you but does no damage.
You barely miss the orc wizard.
The orc wizard is lightly wounded.
The orc wizard hits you with a +0 dagger.
You hit the orc wizard. You burn the orc wizard.
The orc wizard is heavily wounded.
The orc wizard hits you but does no damage.
You barely miss the orc wizard.
The orc wizard is heavily wounded.
The orc wizard gestures at you while chanting.
You resist with some effort.
You bump into the rock wall.
You bump into the rock wall.
You feel less confused.
The orc wizard gestures wildly while chanting.
The orc wizard flickers and vanishes for a moment.
You hit the orc wizard. You burn the orc wizard.
The orc wizard is almost dead.
The orc wizard hits you with a +0 dagger.
You hit the orc wizard. You burn the orc wizard.
You kill the orc wizard!
Your Spellcasting skill increases to level 5!
Your Conjurations skill increases to level 5!
Your Hexes skill increases to level 5!
Your Summonings skill increases to level 5!
Your Necromancy skill increases to level 5!
Your Translocations skill increases to level 5!
Your Fire Magic skill increases to level 5!
Your Ice Magic skill increases to level 5!
Your Air Magic skill increases to level 5!
Your Earth Magic skill increases to level 5!
Your Alchemy skill increases to level 5!
You have reached level 7!
The power to cast Swiftness wells up from within.
Spell assigned to 'c'.
Things that are here:
a +0 dagger; a +0 robe
There is a stone staircase leading down here.
You now have 292 gold pieces (gained 9).
Things that are here:
a +0 dagger; an orc corpse Done exploring.
Done exploring.
Done exploring.
Done exploring.
There is a stone staircase leading down here.
You fly downwards.
Found a runed beryl amulet and a hand axe.
Found a stone staircase leading down.
There is a stone staircase leading up here.
t - an amulet of faith A quokka comes into view.
You start putting on your amulet.
You continue putting on your amulet of faith. x5
The quokka bites you.
You finish putting on your amulet of faith.
You feel a strange surge of divine interest.
t - an amulet of faith (around neck)
You closely miss the quokka.
The quokka bites you but does no damage.
You hit the quokka. You burn the quokka.
You kill the quokka!
No target in view!
No target in view!
No target in view!
No target in view!
No target in view!
No target in view!
No target in view!
No target in view!
HP restored.
Found a robe.
A water moccasin comes into view.
A water moccasin is nearby!
Placed new exclusion.
Press: ? - help, v - describe, . - travel The floor.
Reduced exclusion size to a single square.
Removed exclusion.
An ogre comes into view. It is wielding a +0 giant club.
An ogre is nearby!
An ogre is nearby!
Okay, then.
Aiming: Mindburst
Press: ? - help, Shift-Dir - straight line, f - water moccasin
Aim: a water moccasin (asleep, chance to affect: 64%)
The water moccasin hisses angrily.
The water moccasin's mind is blasted.
You hear a howl!
Aiming: Mindburst
Press: ? - help, Shift-Dir - straight line, f/p - water moccasin
Aim: a water moccasin (lightly wounded, chance to affect: 64%)
The water moccasin's mind is blasted!
Aiming: Mindburst
Press: ? - help, Shift-Dir - straight line, f/p - water moccasin
Aim: a water moccasin (heavily wounded, chance to affect: 64%)
The water moccasin's mind is blasted!!
You blow up the water moccasin!
A howler monkey and an orc wizard come into view.
The orc wizard gestures at you while chanting.
You easily resist.
The howler monkey howls!
You hear a shout!
The howler monkey hoots and howls with incredible vigour!
You hear a shout! x8; You hear a bark!
You hear a shout! x2
You hear an angry hiss.
The orc wizard mumbles some strange words.
The orc wizard flickers and vanishes for a moment.
You start waiting.
There are monsters nearby!
The howler monkey hoots and howls with incredible vigour!
You hear a shout!
You hear an angry hiss.
You hear a shout! x5
You hear a roar!
You hear a bark!
You hear a shout! x6
You hear an angry hiss.
You hear a shout!
You hear an angry hiss.
The orc wizard points at you and mumbles some strange words.
You are confused.
There is a stone staircase leading up here.
The howler monkey hits you.
You fly upwards.
There is a stone staircase leading down here.
You bump into the rock wall.
The howler monkey hits you. The howler monkey barely misses you.
The howler monkey hoots and howls with incredible vigour!
You feel less confused. The howler monkey hits you.
You hit the howler monkey. You burn the howler monkey.
The howler monkey is moderately wounded.
The howler monkey hits you.
You hit the howler monkey. You burn the howler monkey.
The howler monkey is heavily wounded.
The howler monkey barely misses you.
You barely miss the howler monkey.
The howler monkey is heavily wounded.
The howler monkey hits you.
You hit the howler monkey. You burn the howler monkey.
The howler monkey is severely wounded.
The howler monkey barely misses you.
You hit the howler monkey. You burn the howler monkey.
The howler monkey is almost dead.
The howler monkey hits you but does no damage.
You hit the howler monkey. You burn the howler monkey.
You kill the howler monkey!
There is a stone staircase leading down here.
You see here a howler monkey corpse.
You start resting.
HP restored.
You fly downwards.
The lemure shouts!
The orc shouts!
The adder hisses angrily.
The orc hits you but does no damage. The adder barely misses you.
The lemure hits you but does no damage. The orc hits you but does no damage.
The adder barely misses you.
There is a stone staircase leading up here.
The lemure hits you. The orc hits you but does no damage.
The adder bites you but does no damage.
You fly upwards.
There is a stone staircase leading down here.
You see here a howler monkey corpse.
The adder closely misses you. The lemure hits you.
The adder bites you but does no damage. The lemure hits you but does no damage.
The orc attacks as it pursues you! The orc closely misses you.
The adder bites you but does no damage.
You barely miss the lemure. The lemure hits you.
You hit the lemure. You burn the lemure.
The lemure is moderately wounded.
The lemure hits you.
You hit the lemure. You burn the lemure.
The lemure is heavily wounded.
The lemure barely misses you.
You closely miss the lemure.
The lemure is heavily wounded.
The lemure hits you but does no damage.
You barely miss the lemure.
The lemure is heavily wounded.
The lemure hits you but does no damage.
You barely miss the lemure.
The lemure is heavily wounded.
The lemure closely misses you.
You miss the lemure.
The lemure is heavily wounded.
The lemure hits you but does no damage.
You hit the lemure. You burn the lemure.
The lemure is severely wounded.
You miss the lemure.
The lemure is severely wounded.
The lemure hits you but does no damage.
You hit the lemure. You burn the lemure.
The lemure is almost dead.
The lemure hits you but does no damage.
You barely miss the lemure.
The lemure is almost dead.
The lemure hits you but does no damage.
You closely miss the lemure.
The lemure is almost dead.
The lemure hits you but does no damage.
You completely miss the lemure.
The lemure is almost dead.
The lemure hits you but does no damage.
You hit the lemure. You burn the lemure.
The lemure is almost dead.
The lemure hits you but does no damage.
You closely miss the lemure.
The lemure is almost dead.
The lemure hits you but does no damage.
You hit the lemure but do no damage.
The lemure is almost dead.
The lemure hits you but does no damage.
You closely miss the lemure.
The lemure is almost dead.
The lemure barely misses you.
You hit the lemure. You burn the lemure.
You kill the lemure!
That felt strangely unrewarding.
You hit the orc. You burn the orc.
The orc is severely wounded.
You hit the orc. You burn the orc.
You kill the orc!
You hit the adder. You burn the adder.
The adder is heavily wounded.
The adder bites you but does no damage. The adder bites you.
You closely miss the adder.
The adder is heavily wounded.
The adder barely misses you.
You barely miss the adder.
The adder is heavily wounded.
The adder bites you but does no damage.
You barely miss the adder.
The adder is heavily wounded.
The adder barely misses you.
You hit the adder. You burn the adder.
The adder is almost dead.
The adder bites you but does no damage. x2
You hit the adder. You burn the adder.
You kill the adder!
Things that are here:
a +0 short sword; an orc corpse
There is a stone staircase leading down here.
You see here a howler monkey corpse.
You start resting.
HP restored.
You fly downwards.
The orc shouts!
The iguana hisses angrily.
The adder hisses angrily.
The orc shouts!
The adder barely misses you. The orc hits you but does no damage. x2
The adder bites you but does no damage.
There is a stone staircase leading up here.
The orc hits you with a +0 mace. The orc hits you but does no damage.
The adder bites you but does no damage.
You fly upwards.
There is a stone staircase leading down here.
You see here a howler monkey corpse.
The orc hits you but does no damage. The adder bites you but does no damage.
The adder barely misses you. The orc hits you but does no damage.
The adder bites you but does no damage. The orc attacks as it pursues you!
The orc hits you but does no damage.
Things that are here:
a +0 short sword; an orc corpse The orc closely misses you.
You closely miss the orc. You hit the orc. You burn the orc.
The orc is severely wounded.
The orc hits you with a +0 mace.
You hit the orc. You burn the orc.
You kill the orc!
You closely miss the adder. The adder bites you but does no damage.
You hit the adder. You burn the adder.
The adder is heavily wounded.
The adder bites you but does no damage. x2
You miss the adder.
The adder is moderately wounded.
The adder barely misses you.
You hit the adder. You burn the adder.
You kill the adder!
You barely miss the orc. The orc completely misses you.
You hit the orc. You burn the orc.
The orc is heavily wounded.
The orc hits you with a +0 dagger.
You hit the orc. You burn the orc.
You kill the orc!
You swing at nothing.
You swing at nothing.
You swing at nothing.
You swing at nothing.
You swing at nothing.
You swing at nothing.
You swing at nothing.
You swing at nothing.
You swing at nothing.
You swing at nothing.
Items here: ))) †.
You see here an adder skeleton.
You see here 2 javelins.
There is a stone staircase leading down here.
You fly downwards.
Level annotation: Pikel
Found 9 stones.
There is a stone staircase leading up here.
A scorpion comes into view.
A scorpion is nearby!
A scorpion is nearby!
Found 6 poisoned darts.
Found 3 stones.
No target in view!
A scorpion is nearby!
You throw a poisoned dart.
The poisoned dart barely misses the scorpion.
You throw a poisoned dart. The poisoned dart hits the scorpion.
You hit the scorpion but do no damage.
The scorpion stings you but does no damage.
You barely miss the scorpion. The scorpion barely misses you.
You barely miss the scorpion.
The scorpion stings you but does no damage.
You barely miss the scorpion.
The scorpion stings you but does no damage.
You closely miss the scorpion. The scorpion stings you.
You barely miss the scorpion. The scorpion barely misses you.
You barely miss the scorpion. The scorpion stings you.
You hit the scorpion but do no damage. The scorpion barely misses you.
You barely miss the scorpion.
The scorpion stings you but does no damage.
You closely miss the scorpion.
The scorpion stings you but does no damage.
You hit the scorpion. You burn the scorpion.
The scorpion is lightly wounded.
The scorpion stings you but does no damage.
The scorpion stings you.
You hit the scorpion but do no damage.
The scorpion is lightly wounded.
The scorpion barely misses you.
You hit the scorpion but do no damage.
The scorpion is lightly wounded.
The scorpion stings you.
You hit the scorpion but do no damage.
The scorpion is lightly wounded.
The scorpion barely misses you.
You hit the scorpion but do no damage.
The scorpion is lightly wounded.
The scorpion stings you but does no damage.
You barely miss the scorpion.
The scorpion is lightly wounded.
The scorpion barely misses you.
You closely miss the scorpion.
The scorpion is lightly wounded.
The scorpion stings you.
You hit the scorpion. You burn the scorpion.
The scorpion is heavily wounded.
The scorpion stings you but does no damage.
You barely miss the scorpion.
The scorpion is heavily wounded.
The scorpion stings you.
You hit the scorpion. You burn the scorpion.
The scorpion is heavily wounded.
The scorpion barely misses you.
You hit the scorpion. You burn the scorpion.
The scorpion is severely wounded.
The scorpion stings you.
You hit the scorpion but do no damage.
The scorpion is severely wounded.
The scorpion stings you but does no damage.
An orc comes into view.
It is wielding a +0 whip and wearing an orb of light.
You closely miss the scorpion.
The scorpion is severely wounded.
The scorpion barely misses you.
The orc shouts!
You hit the scorpion. You burn the scorpion.
The scorpion is almost dead.
The scorpion stings you but does no damage.
The scorpion barely misses you.
You hit the scorpion but do no damage.
The scorpion is almost dead.
The scorpion stings you but does no damage.
You hit the scorpion. You burn the scorpion.
You kill the scorpion!
A scorpion comes into view.
The orc hits you but does no damage.
You closely miss the orc. You hit the orc but do no damage.
The orc hits you but does no damage.
You hit the orc but do no damage. The orc hits you but does no damage.
You hit the orc but do no damage. The orc hits you but does no damage.
You barely miss the orc. The orc hits you but does no damage.
You closely miss the orc. The orc hits you but does no damage.
You hit the scorpion but do no damage.
The scorpion stings you but does no damage.
The orc hits you but does no damage.
The scorpion stings you but does no damage.
You hit the scorpion. You burn the scorpion.
The scorpion is lightly wounded.
The orc hits you but does no damage. The scorpion stings you.
You barely miss the scorpion.
The scorpion is lightly wounded.
The orc barely misses you. The scorpion stings you.
You hit the scorpion. You burn the scorpion.
The scorpion is moderately wounded.
The scorpion stings you. The orc hits you with a +0 whip.
You are too injured to fight recklessly!
You are too injured to fight recklessly!
You are too injured to fight recklessly!
You are too injured to fight recklessly!
You are too injured to fight recklessly!
You are too injured to fight recklessly!
You are too injured to fight recklessly!
You are too injured to fight recklessly!
You are too injured to fight recklessly!
You are too injured to fight recklessly!
Throw: 10 darts (poison)
Press: ? - help, Q - select action, (/) - cycle Shift-Dir - straight line, f - orc
Aim: an orc, wielding a +0 whip, wearing a +0 scale mail and wearing an orb of light (haloed, 61% to hit)
You throw a poisoned dart. The poisoned dart hits the orc.
The orc is poisoned.
The scorpion stings you. The orc hits you but does no damage.
Throw: 9 darts (poison)
Press: ? - help, Q - select action, (/) - cycle Shift-Dir - straight line, f/p - orc
Aim: an orc, wielding a +0 whip, wearing a +0 scale mail and wearing an orb of light (poisoned, haloed, 61% to hit)
You throw a poisoned dart. The poisoned dart hits the orc.
The orc looks even sicker.
The scorpion stings you.
Throw: 8 darts (poison)
Press: ? - help, Q - select action, (/) - cycle Shift-Dir - straight line, f - scorpion, p - orc
Aim: a scorpion (moderately wounded, haloed, 77% to hit)
You throw a poisoned dart. The poisoned dart hits the scorpion.
The scorpion is moderately wounded.
The orc hits you with a +0 whip.
* * * LOW HITPOINT WARNING * * *
The scorpion stings you.
* * * LOW HITPOINT WARNING * * *
Throw: 7 darts (poison)
Press: ? - help, Q - select action, (/) - cycle Shift-Dir - straight line, f/p - scorpion
Aim: a scorpion (moderately wounded, haloed, 77% to hit)
You throw a poisoned dart.
The poisoned dart barely misses the scorpion.
The orc barely misses you.
The scorpion stings you but does no damage.
Throw: 6 darts (poison)
Press: ? - help, Q - select action, (/) - cycle Shift-Dir - straight line, f/p - scorpion
Aim: a scorpion (moderately wounded, haloed, 77% to hit)
You throw a poisoned dart.
The poisoned dart barely misses the scorpion.
The scorpion stings you but does no damage.
The orc hits you but does no damage.
Throw: 5 darts (poison)
Press: ? - help, Q - select action, (/) - cycle Shift-Dir - straight line, f/p - scorpion
Aim: a scorpion (moderately wounded, haloed, 77% to hit)
You throw a poisoned dart. The poisoned dart hits the scorpion.
The scorpion is moderately wounded.
The scorpion stings you but does no damage.
The orc barely misses you.
Throw: 4 darts (poison)
Press: ? - help, Q - select action, (/) - cycle Shift-Dir - straight line, f/p - scorpion
Aim: a scorpion (moderately wounded, haloed, 77% to hit)
You throw a poisoned dart. The poisoned dart hits the scorpion.
The scorpion is poisoned.
The scorpion is moderately wounded.
The scorpion stings you.
* * * LOW HITPOINT WARNING * * *
The orc hits you but does no damage.
You hit the scorpion. You burn the scorpion.
The scorpion is severely wounded.
The scorpion barely misses you. The orc hits you but does no damage.
The scorpion stings you but does no damage.
You barely miss the scorpion.
The scorpion is almost dead.
You kill the orc!
You kill the scorpion!
Your Spellcasting skill increases to level 6!
Your Conjurations skill increases to level 6!
Your Hexes skill increases to level 6!
Your Summonings skill increases to level 6!
Your Necromancy skill increases to level 6!
Your Translocations skill increases to level 6!
Your Fire Magic skill increases to level 6!
Your Ice Magic skill increases to level 6!
Your Air Magic skill increases to level 6!
Your Earth Magic skill increases to level 6!
Your Alchemy skill increases to level 6!
d - 5 poisoned darts (gained 2)
Things that are here:
a +0 whip; a +0 scale mail; an orb of light An iguana is nearby!
An iguana is nearby!
You see here a poisoned dart.
There is a stone staircase leading up here.
You start resting.
HP restored.
An orc comes into view. It is wielding a +0 falchion.
An orc is nearby!
An orc is nearby!
You throw a poisoned dart. The poisoned dart hits the orc.
The orc is poisoned.
The orc shouts!
An orc wizard comes into view. It is wielding a +0 dagger.
An orc comes into view. It is wielding a +0 short sword.
An acid dragon comes into view.
The orc shouts!
You hear a shout! x5
You kill the orc!
The acid dragon roars!
Sigmund, an orc priest and an orc come into view.
Sigmund shouts!
You hear an angry hiss.
You hear a shout!
The orc priest moves out of view.
The orc throws a boomerang.
The boomerang barely misses you.
The orc throws a boomerang.
The boomerang hits you but does no damage.
The acid dragon spits acid at you. The splash of acid hits you.
The acid corrodes you!
You hear a shout!
The orc throws a boomerang.
The boomerang hits you but does no damage.
There is a stone staircase leading up here.
You fly upwards.
There is a stone staircase leading down here.
You are no longer corroded.
HP restored.
Done exploring.
Done exploring.
Done exploring.
You see here a +0 mace.
There is a stone staircase leading down here.
You see here a howler monkey skeleton.
You fly downwards.
Level annotation: Pikel, Sigmund The ogre shouts!
The hound barks!
You hear a shout! x2
A lemure comes into view.
An orc priest comes into view. It is wielding a +2 dagger of venom.
An orc priest comes into view. It is wielding a +0 mace.
There is a stone staircase leading up here.
Pikel shouts!
You hear a shout! x2
The orc priest miscasts a cantrip.
You fly upwards.
There is a stone staircase leading down here.
You see here a howler monkey skeleton.
You see here an adder skeleton.
You see here 2 javelins.
There is a stone staircase leading down here.
You fly downwards.
Level annotation: Pikel, Sigmund Sigmund shouts!
The orc priest shouts!
The orc shouts!
The orc priest calls down the wrath of Beogh upon you.
Beogh smites you!
Sigmund hits you from afar with a +0 scythe.
There is a stone staircase leading up here.
The orc priest hits you but does no damage.
You fly upwards.
There is a stone staircase leading down here.
You hit the orc priest. You burn the orc priest.
The orc priest is moderately wounded.
The orc priest hits you but does no damage.
You barely miss the orc priest.
The orc priest is moderately wounded.
The orc priest hits you but does no damage.
You hit the orc priest. You burn the orc priest.
The orc priest is severely wounded.
The orc priest looks braver for a moment.
You barely miss the orc priest.
The orc priest is severely wounded.
You hit the orc priest. You burn the orc priest.
The orc priest is almost dead.
The orc priest hits you with a +0 dagger.
You hit the orc priest. You burn the orc priest.
You kill the orc priest!
Things that are here:
a +0 dagger; an orc corpse
Things that are here:
a +0 dagger; an orc corpse
There is a stone staircase leading down here.
You start resting.
HP restored.
There is a stone staircase leading down here.
You fly downwards.
Level annotation: Pikel, Sigmund The orc wizard shouts!
You hear a shout! x2
Sigmund mumbles some strange words.
Sigmund flickers and vanishes for a moment.
The orc hits you but does no damage.
The acid dragon roars!
There is a stone staircase leading up here.
You hit the orc. You burn the orc.
The orc is heavily wounded.
The orc wizard gestures wildly while chanting.
The orc wizard flickers and vanishes for a moment.
An orc comes into view. It is wielding a +0 flail.
The orc hits you with a +0 club. Sigmund barely misses you.
You hit the orc. You burn the orc.
You kill the orc!
The orc throws a boomerang.
The boomerang hits Sigmund.
Throw: 3 darts (curare)
Press: ? - help, Q - select action, (/) - cycle Shift-Dir - straight line, f - Sigmund
Aim: Sigmund, wielding a +0 scythe and wearing a +0 robe (lightly wounded, slightly transparent, 53% to hit)
Okay, then.
Sigmund closely misses you. Sigmund hits you but does no damage.
The orc closely misses you.
You fly upwards.
There is a stone staircase leading down here.
You hit the orc. You burn the orc.
The orc is moderately wounded.
The orc hits you with a +0 short sword.
You hit the orc but do no damage.
The orc is moderately wounded.
The orc hits you but does no damage.
You hit the orc. You burn the orc.
The orc is almost dead.
The orc hits you but does no damage.
You hit the orc. You burn the orc.
You kill the orc!
No target in view!
No target in view!
No target in view!
No target in view!
No target in view!
No target in view!
No target in view!
No target in view!
No target in view!
No target in view!
Items here: ( )) [ †.
You start resting.
HP restored.
There is a stone staircase leading down here.
You fly downwards.
Level annotation: Pikel, Sigmund The orc barely misses you.
Sigmund hits you with a +0 scythe.
The orc wizard casts a spell.
The orc wizard flickers and vanishes for a moment.
There is a stone staircase leading up here.
Sigmund hits you but does no damage.
You fly upwards.
There is a stone staircase leading down here.
Throw: 3 darts (curare)
Press: ? - help, Q - select action, (/) - cycle Shift-Dir - straight line, f - Sigmund
Aim: Sigmund, wielding a +0 scythe and wearing a +0 robe (lightly wounded, 53% to hit)
You throw a curare-tipped dart.
The curare-tipped dart barely misses Sigmund.
Throw: 2 darts (curare)
Press: ? - help, Q - select action, (/) - cycle Shift-Dir - straight line, f/p - Sigmund
Aim: Sigmund, wielding a +0 scythe and wearing a +0 robe (lightly wounded, 53% to hit)
You throw a curare-tipped dart.
The curare-tipped dart closely misses Sigmund.
Sigmund points at you and mumbles some strange words.
The magic dart hits you!
Throw: dart (curare)
Press: ? - help, Q - select action, (/) - cycle Shift-Dir - straight line, f/p - Sigmund
Aim: Sigmund, wielding a +0 scythe and wearing a +0 robe (lightly wounded, 53% to hit)
You throw a curare-tipped dart.
The curare-tipped dart barely misses Sigmund.
Sigmund hits you but does no damage.
Throw: 5 darts (atropa)
Press: ? - help, Q - select action, (/) - cycle Shift-Dir - straight line, f/p - Sigmund
Aim: Sigmund, wielding a +0 scythe and wearing a +0 robe (lightly wounded, 53% to hit, chance to blind on hit: 87%)
You throw an atropa-tipped dart. The atropa-tipped dart hits Sigmund.
Sigmund appears confused.
Sigmund is lightly wounded.
You hit Sigmund. You burn Sigmund.
Sigmund is moderately wounded.
Sigmund seems less confused.
Sigmund hits you but does no damage.
You catch the helpless Sigmund completely off-guard!
You hit Sigmund. You burn Sigmund.
Sigmund is heavily wounded.
You puncture Sigmund! You burn Sigmund.
Sigmund is almost dead.
Sigmund hits you with a +0 scythe!
You strike the helpless Sigmund from behind!
You hit Sigmund. You burn Sigmund.
You kill Sigmund!
You have reached level 8!
You feel clever.
Things that are here:
a +0 scythe; a +0 robe; the human corpse of Sigmund
e - 3 curare-tipped darts
Things that are here:
a +0 scythe; a +0 robe; the human corpse of Sigmund
There is a stone staircase leading down here.
Items here: ( )) [ †.
There is a stone staircase leading down here.
You start resting.
HP restored.
You fly downwards.
Level annotation: Pikel The orc hits you but does no damage.
The orc wizard casts a spell.
The orc wizard flickers and vanishes for a moment.
The acid dragon bites you!
The acid dragon claws you but does no damage.
There is a stone staircase leading up here.
Throw: 4 darts (atropa)
Press: ? - help, Q - select action, (/) - cycle Shift-Dir - straight line, f - acid dragon
Aim: an acid dragon (57% to hit, chance to blind on hit: 51%)
You throw an atropa-tipped dart.
The atropa-tipped dart hits the acid dragon.
The acid dragon resists.
The orc completely misses you.
The acid dragon bites you but does no damage.
The acid dragon claws you but does no damage.
The orc hits you but does no damage. The acid dragon bites you!
The acid dragon claws you but does no damage.
You fly upwards.
There is a stone staircase leading down here.
Throw: 3 darts (atropa)
Press: ? - help, Q - select action, (/) - cycle Shift-Dir - straight line, f - acid dragon
Aim: an acid dragon (57% to hit, chance to blind on hit: 63%)
You throw an atropa-tipped dart.
The atropa-tipped dart completely misses the acid dragon.
The acid dragon bites you.
The acid dragon claws you but does no damage.
Throw: 2 darts (atropa)
Press: ? - help, Q - select action, (/) - cycle Shift-Dir - straight line, f/p - acid dragon
Aim: an acid dragon (57% to hit, chance to blind on hit: 51%)
You throw an atropa-tipped dart.
The atropa-tipped dart hits the acid dragon.
The acid dragon appears confused.
The acid dragon bites you but does no damage.
The acid dragon barely misses you.
You catch the helpless acid dragon completely off-guard!
You puncture the acid dragon! You burn the acid dragon.
The acid dragon is heavily wounded.
The acid dragon seems less confused.
The acid dragon bites you but does no damage.
The acid dragon closely misses you.
You closely miss the acid dragon.
The acid dragon is heavily wounded.
The acid dragon closely misses you.
The acid dragon claws you but does no damage.
You closely miss the acid dragon.
The acid dragon is heavily wounded.
The acid dragon closely misses you. The acid dragon claws you.
You hit the acid dragon. You burn the acid dragon.
The acid dragon is heavily wounded.
The acid dragon is no longer blind.
You hit the acid dragon but do no damage.
The acid dragon is heavily wounded.
The acid dragon bites you!
* * * LOW HITPOINT WARNING * * *
The acid dragon claws you but does no damage.
You hit the acid dragon but do no damage.
The acid dragon is heavily wounded.
The acid dragon spits acid at you. The splash of acid hits you!
* * * LOW HITPOINT WARNING * * *
Throw: dart (atropa)
Press: ? - help, Q - select action, (/) - cycle Shift-Dir - straight line, f/p - acid dragon
Aim: an acid dragon (heavily wounded, catching its breath, 57% to hit, chance to blind on hit: 51%)
You throw an atropa-tipped dart.
The atropa-tipped dart hits the acid dragon.
The acid dragon appears confused.
The acid dragon is heavily wounded.
The acid dragon bites you but does no damage.
The acid dragon barely misses you.
You barely miss the acid dragon.
The acid dragon is heavily wounded.
The acid dragon seems less confused.
The acid dragon closely misses you.
The acid dragon claws you but does no damage.
Items here: (( )) [ †.
You hit the acid dragon. You burn the acid dragon.
The acid dragon is heavily wounded.
The acid dragon misses you.
The acid dragon claws you but does no damage.
You barely miss the acid dragon.
The acid dragon is heavily wounded.
The acid dragon bites you but does no damage.
The acid dragon closely misses you.
You hit the acid dragon but do no damage.
The acid dragon is heavily wounded.
The acid dragon bites you.
* * * LOW HITPOINT WARNING * * *
The acid dragon completely misses you.
The acid dragon is no longer blind.
There is a stone staircase leading down here.
Throw: 3 darts (curare)
Press: ? - help, Q - select action, (/) - cycle Shift-Dir - straight line, f/p - acid dragon
Aim: an acid dragon (heavily wounded, 57% to hit)
You throw a curare-tipped dart.
The curare-tipped dart hits the acid dragon.
The acid dragon is heavily wounded.
The acid dragon bites you!
You die...

###########
#.........#
#.#######.# #[# #.#
#.# ##.#####
#.######....).######
#(D@[...............
#.######..###.).....
#.######[.# ####....
#.........# ###.#..
#.######.#####...#..
#.# #.......#####
#.######..####.[.#..
#..##.....###....#..
##.##.....†...##....


You could see an acid dragon.

Vanquished Creatures
  Sigmund (D:4)
  A water moccasin (D:5)
  A black bear (D:4)
  A lemure (D:4)
  2 scorpions (D:5)
  A howler monkey (D:4)
  A bombardier beetle (D:4)
  An orc priest (D:4)
  Jessica (D:3)
  4 orc wizards
  3 gnolls
  6 adders
  A ribbon worm (D:2)
  15 orcs
  9 endoplasms
  A giant cockroach (D:4)
  2 goblins
  3 hobgoblins
  5 kobolds
  3 quokkas
  3 ball pythons
  5 bats
  A frilled lizard (D:1)
  4 rats
75 creatures vanquished.

Notes
Turn   | Place    | Note
-------+----------+-------------------------------------------
     0 | D:1      | sleeves the Djinni Brigand began the quest for the Orb.
     0 | D:1      | Reached XP level 1. HP: 18/18 MP: 0/0
   269 | D:1      | Noticed a golden eye
   271 | D:1      | Found a faded altar of an unknown god.
   273 | D:1      | Noticed a great orb of eyes
   273 | D:1      | Noticed an eye of devastation
   273 | D:1      | Noticed an eye of devastation
   397 | D:1      | Reached skill level 1 in Spellcasting
   397 | D:1      | Reached skill level 1 in Conjurations
   397 | D:1      | Reached skill level 1 in Hexes
   397 | D:1      | Reached skill level 1 in Summonings
   397 | D:1      | Reached skill level 1 in Necromancy
   397 | D:1      | Reached skill level 1 in Translocations
   397 | D:1      | Reached skill level 1 in Fire Magic
   397 | D:1      | Reached skill level 1 in Ice Magic
   397 | D:1      | Reached skill level 1 in Air Magic
   397 | D:1      | Reached skill level 1 in Earth Magic
   397 | D:1      | Reached skill level 1 in Alchemy
   411 | D:1      | Reached XP level 2. HP: 23/23 MP: 0/0
   891 | D:2      | HP: 8/23 [ribbon worm (7)]
  1107 | D:2      | Reached XP level 3. HP: 28/28 MP: 0/0
  1107 | D:2      | Learned a level 1 spell: Kiss of Death
  1340 | D:2      | Reached skill level 2 in Spellcasting
  1340 | D:2      | Reached skill level 2 in Conjurations
  1340 | D:2      | Reached skill level 2 in Hexes
  1340 | D:2      | Reached skill level 2 in Summonings
  1340 | D:2      | Reached skill level 2 in Necromancy
  1340 | D:2      | Reached skill level 2 in Translocations
  1340 | D:2      | Reached skill level 2 in Fire Magic
  1340 | D:2      | Reached skill level 2 in Ice Magic
  1340 | D:2      | Reached skill level 2 in Air Magic
  1340 | D:2      | Reached skill level 2 in Earth Magic
  1340 | D:2      | Reached skill level 2 in Alchemy
  1708 | D:3      | Identified the +3 short sword of the Dungeon {flame, rElec
                  | Dex+2 SInv}
  1847 | D:3      | Reached XP level 4. HP: 27/28 MP: 0/0
  1921 | D:3      | HP: 13/28 [gnoll/+0 whip (4)]
  1929 | D:3      | HP: 11/28 [gnoll/+0 whip (4)]
  1936 | D:2      | HP: 5/28 [gnoll/+0 whip (2)]
  2143 | D:3      | Noticed Jessica
  2156 | D:3      | Killed Jessica
  2157 | D:3      | Reached skill level 3 in Spellcasting
  2157 | D:3      | Reached skill level 3 in Conjurations
  2157 | D:3      | Reached skill level 3 in Hexes
  2157 | D:3      | Reached skill level 3 in Summonings
  2157 | D:3      | Reached skill level 3 in Necromancy
  2157 | D:3      | Reached skill level 3 in Translocations
  2157 | D:3      | Reached skill level 3 in Fire Magic
  2157 | D:3      | Reached skill level 3 in Ice Magic
  2157 | D:3      | Reached skill level 3 in Air Magic
  2157 | D:3      | Reached skill level 3 in Earth Magic
  2157 | D:3      | Reached skill level 3 in Alchemy
  2507 | D:3      | Reached XP level 5. HP: 21/27 MP: 0/0
  2507 | D:3      | Learned a level 2 spell: Scorch
  3015 | D:3      | HP: 10/32 [orc/+0 war axe (7)]
  3020 | D:3      | HP: 8/32 [orc/+0 war axe (1)]
  3123 | D:4      | Noticed a black bear
  3128 | D:4      | Reached skill level 4 in Spellcasting
  3128 | D:4      | Reached skill level 4 in Conjurations
  3128 | D:4      | Reached skill level 4 in Hexes
  3128 | D:4      | Reached skill level 4 in Summonings
  3128 | D:4      | Reached skill level 4 in Necromancy
  3128 | D:4      | Reached skill level 4 in Translocations
  3128 | D:4      | Reached skill level 4 in Fire Magic
  3128 | D:4      | Reached skill level 4 in Ice Magic
  3128 | D:4      | Reached skill level 4 in Air Magic
  3128 | D:4      | Reached skill level 4 in Earth Magic
  3128 | D:4      | Reached skill level 4 in Alchemy
  3128 | D:4      | Reached XP level 6. HP: 33/40 MP: 0/0
  3133 | D:4      | HP: 20/40 [orc/+0 falchion (5)]
  3283 | D:4      | HP: 20/40 [black bear (7)]
  3284 | D:4      | Killed a black bear
  3295 | D:4      | HP: 17/41 [frozen (5)]
  3431 | D:4      | HP: 19/41 [disintegration (11)]
  3927 | D:4      | Reached skill level 5 in Spellcasting
  3927 | D:4      | Reached skill level 5 in Conjurations
  3927 | D:4      | Reached skill level 5 in Hexes
  3927 | D:4      | Reached skill level 5 in Summonings
  3927 | D:4      | Reached skill level 5 in Necromancy
  3927 | D:4      | Reached skill level 5 in Translocations
  3927 | D:4      | Reached skill level 5 in Fire Magic
  3927 | D:4      | Reached skill level 5 in Ice Magic
  3927 | D:4      | Reached skill level 5 in Air Magic
  3927 | D:4      | Reached skill level 5 in Earth Magic
  3927 | D:4      | Reached skill level 5 in Alchemy
  3927 | D:4      | Reached XP level 7. HP: 45/49 MP: 0/0
  3927 | D:4      | Learned a level 3 spell: Swiftness
  3952 | D:5      | Entered Level 5 of the Dungeon
  3975 | D:5      | Noticed a water moccasin
  3988 | D:5      | Killed a water moccasin
  4134 | D:5      | Noticed Pikel
  4244 | D:5      | HP: 24/49 [orc/+0 whip (3)]
  4251 | D:5      | Reached skill level 6 in Spellcasting
  4251 | D:5      | Reached skill level 6 in Conjurations
  4251 | D:5      | Reached skill level 6 in Hexes
  4251 | D:5      | Reached skill level 6 in Summonings
  4251 | D:5      | Reached skill level 6 in Necromancy
  4251 | D:5      | Reached skill level 6 in Translocations
  4251 | D:5      | Reached skill level 6 in Fire Magic
  4251 | D:5      | Reached skill level 6 in Ice Magic
  4251 | D:5      | Reached skill level 6 in Air Magic
  4251 | D:5      | Reached skill level 6 in Earth Magic
  4251 | D:5      | Reached skill level 6 in Alchemy
  4367 | D:5      | Noticed an acid dragon
  4368 | D:5      | Noticed Sigmund
  4554 | D:4      | Killed Sigmund
  4555 | D:4      | Reached XP level 8. HP: 36/54 MP: 0/0
  4628 | D:4      | HP: 25/54 [acid dragon (7)]
  4629 | D:4      | HP: 10/54 [acid dragon/splash of acid (15)]
  4635 | D:4      | HP: 6/54 [acid dragon (6)]
  4637 | D:4      | Slain by an acid dragon

Illustrated notes

Levels and vault maps discovered:
D:1:      giann_wishing_wells, layout_loops_ring,
          hellmonk_ecumenical_altar_watching_god
D:2:      layout_loops_ring, corexii_leaking_fountain
D:3:      layout_loops_corners, kennysheep_generic_room_16, uniq_jessica
D:4:      layout_loops_ring, nicolae_overflow_hidden_temple,
          minmay_fractal_squares_gapless_5
D:5:      layout_cave_pools, serial_shops, nicolae_shop_just_a_little_nook,
          minmay_manual_mess, uniq_sigmund, uniq_pikel

Skill      XL: |  1  2  3  4  5  6  7 |
---------------+----------------------+-----
Spellcasting   | 1 2 3 4 5 6 |  6.6
Conjurations   | 1 2 3 4 5 6 |  6.6
Hexes          | 1 2 3 4 5 6 |  6.6
Summonings     | 1 2 3 4 5 6 |  6.6
Necromancy     | 1 2 3 4 5 6 |  6.6
Translocations | 1 2 3 4 5 6 |  6.6
Fire Magic     | 1 2 3 4 5 6 |  6.6
Ice Magic      | 1 2 3 4 5 6 |  6.6
Air Magic      | 1 2 3 4 5 6 |  6.6
Earth Magic    | 1 2 3 4 5 6 |  6.6
Alchemy        | 1 2 3 4 5 6 |  6.6
Fighting       | |  2.0
Short Blades   | |  1.7
Throwing       | |  1.5
Dodging        | |  1.1
Stealth        | |  3.2

Action                     |  1- 3 |  4- 6 |  7- 9 || total
---------------------------+-------+-------+-------++-------
  Melee: Dagger            |    77 |       |       ||    77
         Short sword       |     3 |   116 |   108 ||   227
  Throw: Dart              |     1 |       |    19 ||    20
   Cast: Kiss of Death     |     2 |     3 |       ||     5
  Evoke: Wand              |       |       |     3 ||     3
   Stab: Sleeping          |    11 |     2 |       ||    13
         Distracted        |       |     1 |       ||     1
         Invisible         |       |       |     3 ||     3
 Armour: Robe              |    39 |     7 |       ||    46
         Scale mail        |       |    92 |   140 ||   232
  Dodge: Dodged            |    45 |    51 |    45 ||   141

Table legend: (Time is in decaauts)
 A = Elapsed time spent in this place.
 B = Non-inter-level travel time spent in this place.
 C = Inter-level travel time spent in this place.
 D = Time resting spent in this place.
 E = Time spent auto-exploring this place.
 F = Levels seen in this place.
 G = Mean time per level.
                   A        B        C        D        E       F      G
               +--------+--------+--------+--------+--------+-----+--------+
         Total |   4618 |   4209 |    409 |    500 |   2864 |   5 |  923.6 |
       Dungeon |   4618 |   4209 |    409 |    500 |   2864 |   5 |  923.6 |
               +--------+--------+--------+--------+--------+-----+--------+

Top non-repeatable levels by time:
     D:4: 1476 daAuts
     D:3: 1303 daAuts
     D:2: 860 daAuts
     D:1: 729 daAuts
     D:5: 249 daAuts
